 Dungeon Crawl Stone Soup version 0.28-a0-429-g1448048969 (webtiles) character file.

Game seed: 8454751263927063441

0 Gwenloh the Firebug (level 1, -1/11 HPs)
             Began as an Octopode Fire Elementalist on Sept 10, 2021.
             Succumbed to a kobold's poison
             ... on level 1 of the Dungeon.
             The game lasted 00:00:59 (45 turns).

Gwenloh the Firebug (Octopode Fire Elementalist)      Turns: 45, Time: 00:00:59

Health: -1/11      AC:  1    Str:  7    XL:     1   Next: 10%
Magic:  1/3        EV: 13    Int: 17    God:
Gold:   0          SH:  0    Dex: 12    Spells: 3/4 levels left

rFire   . . .      SeeInvis .   (no weapon)
rCold   . . .      Faith    .   (no shield)
rNeg    . . .      Spirit   .   (helmet restricted)
rPois   .          Reflect  .   (no amulet)
rElec   .          Harm     .   (no ring)
rCorr   .          Rampage  .   (no ring)
Will    .....                   (no ring)
Stlth   +++.......              (no ring)
HPRegen 0.03/turn               (no ring)
MPRegen 0.08/turn               (no ring)
                                (no ring)
                                (no ring)

@: lethally poisoned (-1 -> -14)
A: almost no armour, amphibious, 8 rings, camouflage 1, gelatinous body 1,
(nimble swimmer 1), tentacles
a: no special abilities


You were on level 1 of the Dungeon.
You visited 1 branch of the dungeon, and saw 1 of its levels.

Inventory:

Jewellery
 a - an amulet of the acrobat


   Skills:
 + Level 2.0 Dodging
 + Level 2.7 Stealth
 + Level 2.0 Spellcasting
 + Level 1.0 Conjurations
 + Level 3.0 Fire Magic


You had 3 spell levels left.
You knew the following spells:

 Your Spells              Type           Power      Damage    Failure   Level
a - Foxfire               Conj/Fire      32%        2x1d5     9%          1

Your spell library contained the following spells:

 Spells                   Type           Power      Damage    Failure   Level
 Scorch                   Fire           22%        2d6       9%          2
 Conjure Flame            Conj/Fire      8%         6-21      26%         3
 Inner Flame              Hex/Fire       6%         N/A       30%         3
 Flame Wave               Conj/Fire      8%         3d4       63%         4


Dungeon Overview and Level Annotations

Branches:
Dungeon (1/15)

Altars:


Innate Abilities, Weirdness & Mutations

You cannot wear most types of armour.
You are amphibious.
You can wear up to eight rings at the same time.
Your skin changes colour to match your surroundings (Stealth+).
Your rubbery body absorbs attacks. (AC +1, EV +1)
((You are camouflaged near water. (Stealth+)))
You have tentacles for arms and can constrict up to eight enemies at once.


Message History

There is an open door here.
There is a staircase leading out of the dungeon here.
You open the door.
Found 2 scrolls labelled IMOW UMEW SYS and a large bone amulet.
A giant cockroach and a dart slug come into view.
The giant cockroach moves out of view.
There is an open door here.
Casting: Foxfire (safe; 9% risk of failure)
Confirm with . or Enter, or press ? or * to list all spells.
You conjure some foxfire!
Casting: Foxfire (safe; 9% risk of failure)
Confirm with . or Enter, or press ? or * to list all spells.
You don't have enough magic to cast this spell.
The foxfire hits the hobgoblin but does no damage. x2
The giant cockroach closely misses you. The giant cockroach bites you.
You see here an amulet of the acrobat.
a - an amulet of the acrobat The giant cockroach closely misses you.
You open the door. The giant cockroach misses you.
The dart slug closely misses you. The hobgoblin barely misses you.
There is an open door here.
The giant cockroach bites you.
You start putting on your amulet.
You continue putting on your amulet of the acrobat.
The giant cockroach bites you.
Keep equipping yourself? [Y]es or [N]o only, please.
Keep equipping yourself?
You continue putting on your amulet of the acrobat.
The giant cockroach bites you.
You continue putting on your amulet of the acrobat.
The giant cockroach closely misses you. The kobold hits you but does no damage.
You are lethally poisoned!
You continue putting on your amulet of the acrobat.
You feel sick. The giant cockroach closely misses you.
The kobold hits you with a +0 dagger of venom.
* * * LOW HITPOINT WARNING * * *
You are more poisoned.
You continue putting on your amulet of the acrobat.
You die...

#.# #### ...
........... ..
.g.....#..# ..
.......#..# .##
#.##...#..#...
............#.#####
#.#................
#.#......##.##.# #
#.#@Kw...##.g..#
#.##.#B#....###K###
#.....g.....# #†##
#....?....#####.g#
##................#
#............#####.#
#.##.........#...#.#
#..........'.<.'.#
#.........##...###


You could see a dart slug, a giant cockroach, 2 hobgoblins and a kobold.

Vanquished Creatures
  A rat (D:1)
1 creature vanquished.

Vanquished Creatures (others)
  5 foxfires (D:1)
5 creatures vanquished.

Grand Total: 6 creatures vanquished

Notes
Turn   | Place    | Note
-------+----------+-------------------------------------------
     0 | D:1      | Gwenloh the Octopode Fire Elementalist began the quest for
                  | the Orb.
     0 | D:1      | Reached XP level 1. HP: 11/11 MP: 3/3
    45 | D:1      | Succumbed to a kobold's poison

Illustrated notes

Levels and vault maps discovered:
D:1:      dpeg_arrival_tiny_f, layout_basic, st_stairs_1

Action                   || total
-------------------------++-------
 Cast: Foxfire           ||     4
Armor: Skin              ||     1
Dodge: Dodged            ||     8

Table legend: (Time is in decaauts)
 A = Elapsed time spent in this place.
 B = Non-inter-level travel time spent in this place.
 C = Inter-level travel time spent in this place.
 D = Time resting spent in this place.
 E = Time spent auto-exploring this place.
 F = Levels seen in this place.
 G = Mean time per level.
                   A        B        C        D        E       F      G
               +--------+--------+--------+--------+--------+-----+--------+
         Total |     45 |     45 |      0 |      0 |      6 |   1 |   45.0 |
       Dungeon |     45 |     45 |      0 |      0 |      6 |   1 |   45.0 |
               +--------+--------+--------+--------+--------+-----+--------+

Top non-repeatable levels by time:
     D:1: 45 daAuts
